 Dungeon Crawl Stone Soup version 0.29-a0-80-g3050e97935 (webtiles) character file.

Game seed: 3301002406860416891

677 Gargoyl the Skirmisher (level 7, -2/44 HPs)
             Began as a Gargoyle Abyssal Knight on Feb 4, 2022.
             Was a Believer of Lugonu.
             Slain by an orc priest (5 damage)
             ... on level 5 of the Dungeon.
             The game lasted 00:05:28 (5752 turns).

Gargoyl the Skirmisher (Gargoyle Abyssal Knight)    Turns: 5752, Time: 00:05:28

Health: -2/44      AC: 13    Str: 19    XL:     7   Next: 60%
Magic:  8/8        EV: 11    Int: 10    God:    Lugonu [**....]
Gold:   258        SH:  0    Dex: 16    Spells: 6/6 levels left

rFire   + . .      SeeInvis .   a - +1 hand axe (chaos)
rCold   . . .      Faith    .   (no shield)
rNeg    + . .      Spirit   .   p - +0 ring mail
rPois   ∞          Reflect  .   (no helmet)
rElec   +          Harm     .   (no cloak)
rCorr   .          Rampage  .   j - +0 pair of gloves
Will    .....                   o - +0 pair of boots
Stlth   +.........              (no amulet)
HPRegen 0.14/turn               e - ring of protection from fire
MPRegen 0.11/turn               g - +6 ring of dexterity

@: no status effects
A: sickness immunity, AC +4, negative energy resistance 1, electricity
resistance, torment resistance 1, petrification resistance
a: Renounce Religion, Depart the Abyss, Bend Space


You were on level 5 of the Dungeon.
You worshipped Lugonu.
Lugonu was pleased with you.
You visited 1 branch of the dungeon, and saw 5 of its levels.
You visited the Abyss 1 time.

You collected 258 gold pieces.

Inventory:

Hand Weapons
 a - a +1 hand axe of chaos (weapon)
Missiles
 f - 2 javelins (quivered)
Armour
 j - a +0 pair of gloves (worn)
 o - a +0 pair of boots (worn)
 p - a +0 ring mail (worn)
Jewellery
 e - a ring of protection from fire (left hand)
 g - a +6 ring of dexterity (right hand)
Scrolls
 b - a scroll of fear
 d - 5 scrolls of identify
 h - a scroll of acquirement {unknown}
Potions
 c - a potion of lignification {unknown}
 k - a potion of resistance {unknown}
 q - a potion of cancellation


   Skills:
 + Level 5.3 Fighting
 + Level 4.7 Axes
 + Level 0.2 Throwing
 + Level 4.3 Armour
 + Level 2.5 Dodging
 + Level 1.7 Stealth
 + Level 2.1 Invocations


You had 6 spell levels left.
You didn't know any spells.
Your spell library contained the following spells:

 Spells                   Type           Power      Damage    Failure   Level
 Static Discharge         Conj/Air       0%         N/A       67%         2
 Call Canine Familiar     Summ           0%         N/A       88%         3
 Portal Projectile        Hex/Tloc       0%         N/A       88%         3
 Dispel Undead            Necr           0%         3d6       99%         4
 Leda's Liquefaction      Hex/Erth       0%         N/A       99%         4
 Sticky Flame             Conj/Fire      0%         2d3       99%         4


Dungeon Overview and Level Annotations

Branches:
Dungeon (5/15)
 Temple: D:4-7

Altars:
Gozag
Hepliaklqana

Shops:
D:3 *


Innate Abilities, Weirdness & Mutations

You are immune to sickness and miasma.
Your stone body is resilient. (AC +4)
You are immune to poison.
You resist negative energy. (rN+)
You are resistant to electric shocks. (rElec)
You are resistant to unholy torment.
You are immune to petrification.


Message History

Lugonu accepts your kill.
You barely miss the orc priest.
The orc priest mumbles some strange prayers to Beogh against you.
Beogh smites you!
* * * LOW HITPOINT WARNING * * *
The orc priest hits you but does no damage.
You hit the orc priest but do no damage.
The orc priest seems to speed up.
The orc priest hits you but does no damage.
You feel better.
The orc priest casts a cantrip, but nothing happens.
The orc priest misses you.
You closely miss the orc priest. The orc priest barely misses you.
You hit the orc priest. You freeze the orc priest.
The orc priest is moderately wounded.
The orc priest barely misses you.
The orc priest looks encouraged for a moment.
You hit the orc priest.
The orc priest is heavily wounded.
The orc priest hits you with a +0 hand axe.
* * * LOW HITPOINT WARNING * * *
You hit the orc priest.
The orc priest seems to grow stronger.
The orc priest is severely wounded.
The orc priest invokes the aid of Beogh against you.
Pain shoots through your body!
* * * LOW HITPOINT WARNING * * *
The orc priest hits you but does no damage.
You feel better.
The orc priest hits you with a +0 hand axe.
* * * LOW HITPOINT WARNING * * *
The orc priest barely misses you.
You hit the orc priest but do no damage.
The orc priest is severely wounded.
The orc priest hits you with a +0 hand axe.
* * * LOW HITPOINT WARNING * * *
You hit the orc priest.
The orc priest is almost dead.
The orc priest looks braver for a moment.
The orc priest hits you with a +0 hand axe.
You die...

##.###.##### #. #..# #.#
#. #### #.# #. ##'## #.
##...## #. ##.....## #.
## ##.....†.######.
.#...####.........#.....
.....)o@'.........+.....
##...####.........#.#...
#. ##....)..## #...
##.....## #..# ##...##
..... ##+## ###... ##.#
#. #.


You could see an orc priest (fast, strong).

Vanquished Creatures
  A sky beast (D:3)
  A black bear (D:4)
  A phantom (D:5)
  2 bullfrogs (D:4)
  A hound (D:4)
  An orc priest (D:5)
  A jelly (D:4)
  A bullfrog skeleton (D:5)
  A hound skeleton (D:3)
  3 gnolls (D:5)
  5 adders
  2 worms
  2 dart slugs
  9 orcs
  6 ball pythons
  4 endoplasms
  A giant cockroach (D:1)
  6 goblins
  7 hobgoblins
  8 jackals
  A quokka (D:1)
  5 bats
  3 frilled lizards
  8 kobolds
  A quokka skeleton (D:4)
  6 rats
87 creatures vanquished.

Notes
Turn   | Place    | Note
-------+----------+-------------------------------------------
     0 | Abyss:1  | Gargoyl the Gargoyle Abyssal Knight began the quest for the
                  | Orb.
     0 | Abyss:1  | Reached XP level 1. HP: 14/14 MP: 2/2
     0 | D:1      | Escaped the Abyss
   215 | D:1      | Reached XP level 2. HP: 18/19 MP: 3/3
   378 | D:1      | Reached * piety under Lugonu
   649 | D:1      | Noticed a golden eye
   651 | D:1      | Found a faded altar of an unknown god.
   653 | D:1      | Noticed a shining eye
   653 | D:1      | Noticed an eye of devastation
   653 | D:1      | Noticed a great orb of eyes
   983 | D:1      | Reached skill level 4 in Fighting
   983 | D:1      | Reached XP level 3. HP: 4/24 MP: 4/4
  1821 | D:2      | Reached skill level 1 in Dodging
  2102 | D:2      | Reached XP level 4. HP: 29/29 MP: 5/5
  2751 | D:3      | Found an opulent altar of Gozag.
  2757 | D:3      | Found Gozag's Platinum Reserve.
  3023 | D:3      | Noticed a sky beast
  3050 | D:3      | Killed a sky beast
  3051 | D:3      | Reached skill level 1 in Stealth
  3051 | D:3      | Reached XP level 5. HP: 16/34 MP: 6/6
  3575 | D:3      | Reached ** piety under Lugonu
  4139 | D:4      | Reached XP level 6. HP: 15/39 MP: 7/7
  4441 | D:4      | Found a hazy altar of Hepliaklqana.
  4702 | D:4      | Noticed a black bear
  4753 | D:4      | Killed a black bear
  4754 | D:4      | Reached skill level 5 in Fighting
  4754 | D:4      | Reached XP level 7. HP: 9/44 MP: 8/8
  5032 | D:5      | Entered Level 5 of the Dungeon
  5738 | D:5      | HP: 2/44 [orc priest/divine providence (14)]
  5752 | D:5      | Slain by an orc priest

Illustrated notes

Levels and vault maps discovered:
D:1:      mrwooster_arrival_statue_2, layout_basic,
          hellmonk_ecumenical_altar_watching_god, minmay_stone_trees_small,
          nicolae_wormholes
D:2:      layout_basic, grunt_ministairs_10, grunt_decor_cap
D:3:      minmay_angry_zag, layout_loops_ring, nicolae_gozag_zags_fifth_avenue
D:4:      layout_cave_pools, nzn_hepliaklqana_mist_gate,
          kennysheep_generic_room_6
D:5:      layout_loops_corners, minmay_temple_entry_waves,
          kennysheep_generic_room_9

Skill      XL: |  1  2  3  4  5  6  7 |
---------------+----------------------+-----
Axes           | 2 3 4 |  4.7
Fighting       | 4 5 |  5.3
Dodging        | 1 2 |  2.5
Armour         | 3 4 |  4.3
Stealth        | 1 |  1.7
Throwing       | |  0.2
Invocations    | |  2.1

Action                   |  1- 3 |  4- 6 |  7- 9 || total
-------------------------+-------+-------+-------++-------
Melee: Hand axe          |   116 |   128 |    74 ||   318
       Punch             |     2 |     1 |       ||     3
Throw: Javelin           |       |     2 |       ||     2
Invok: Depart the Abyss  |     1 |       |       ||     1
  Use: Scroll            |     2 |       |     7 ||     9
       Potion            |       |     7 |     3 ||    10
 Stab: Petrified         |       |       |     3 ||     3
       Petrifying        |       |       |     1 ||     1
Armor: Leather armour    |    58 |    34 |       ||    92
       Ring mail         |       |    47 |    33 ||    80
Dodge: Dodged            |    93 |   100 |    35 ||   228

Table legend: (Time is in decaauts)
 A = Elapsed time spent in this place.
 B = Non-inter-level travel time spent in this place.
 C = Inter-level travel time spent in this place.
 D = Time resting spent in this place.
 E = Time spent auto-exploring this place.
 F = Levels seen in this place.
 G = Mean time per level.
                   A        B        C        D        E       F      G
               +--------+--------+--------+--------+--------+-----+--------+
         Total |   5799 |   5544 |    255 |    400 |   4226 |   6 |  966.5 |
       Dungeon |   5799 |   5544 |    255 |    400 |   4226 |   5 | 1159.8 |
         Abyss |      0 |      0 |      0 |      0 |      0 |   1 |    0.0 |
               +--------+--------+--------+--------+--------+-----+--------+

Top non-repeatable levels by time:
     D:1: 1824 daAuts
     D:3: 1238 daAuts
     D:4: 1080 daAuts
     D:2: 930 daAuts
     D:5: 725 daAuts
